TOP OF THE 1ST |
Atlantic City Sonics batting - Pitching for St. Petersburg Thunder : RHP Jhon Aimar
|
Pitching: RHP Jhon Aimar
|
|
Batting: LHB Jorge Quilez
|
0-0: Ball 1-0: DOUBLE (Flyball, 78D, EV 105.6 MPH)
|
Batting: RHB Garm van Opdorp
|
0-0: Called Strike 0-1: Ball 1-1: Foul Ball, location: 2F 1-2: Ball 2-2: Ball 3-2: Foul Ball, location: 2F 3-2: Base on Balls
|
Batting: LHB Luis Ortíz
|
0-0: Ball Passed Ball! Jorge Quilez to third Garm van Opdorp to second 1-0: Fly out, F8 (Flyball, 8LM, EV 94.4 MPH) Runner from 3rd tags up, SCORES, throw by CF
|
Batting: RHB Raffaello Dichio
|
0-0: Ball 1-0: Ball 2-0: Hit by Pitch
|
Batting: RHB Luis Rodríguez
|
0-0: Ball 1-0: Ball 2-0: Ball 3-0: Called Strike 3-1: Foul Ball, location: 2F 3-2: Foul Ball, location: 2F 3-2: Base on Balls Garm van Opdorp to third Raffaello Dichio to second
|
Batting: LHB Travis Gilliam
|
0-0: Called Strike 0-1: Ball 1-1: Called Strike 1-2: Strikes out swinging
|
Batting: RHB Denis Perrin
|
0-0: Ball 1-0: Ball 2-0: Called Strike 2-1: Ground out 6-3 (Groundball, 6S, EV 63.1 MPH)
|
Top of the 1st over - 1 run, 1 hit, 0 errors, 3 left on base; Atlantic City 1 - St. Petersburg 0 |
BOTTOM OF THE 1ST |
St. Petersburg Thunder batting - Pitching for Atlantic City Sonics : LHP Noah Walker
|
Pitching: LHP Noah Walker
|
|
Batting: SHB Leonard Davis
|
0-0: Ball 1-0: Called Strike 1-1: Foul Ball, location: 2F 1-2: Ball 2-2: Ball 3-2: Ground out 6-3 (Groundball, 6, EV 89.4 MPH)
|
Batting: RHB Gene Blanton
|
0-0: Ball 1-0: Called Strike 1-1: Ball 2-1: Foul Ball, location: 2F 2-2: Strikes out swinging
|
Batting: RHB Curtis Tiger
|
0-0: Ball 1-0: Foul Ball, location: 2F 1-1: Foul Ball, location: 2F 1-2: Foul Ball, location: 2F 1-2: Ground out 6-3 (Groundball, 6MS, EV 83.8 MPH)
|
Bottom of the 1st over - 0 runs, 0 hits, 0 errors, 0 left on base; Atlantic City 1 - St. Petersburg 0 |
TOP OF THE 2ND |
Atlantic City Sonics batting - Pitching for St. Petersburg Thunder : RHP Jhon Aimar
|
Batting: RHB Abhipala Srivastav
|
0-0: Ball 1-0: Fly out, F6 (Popup, P, EV 87.5 MPH)
|
Batting: RHB Jaime López
|
0-0: Foul Ball, location: 2F 0-1: Foul Ball, location: 2F 0-2: Foul Ball, location: 2F 0-2: Fly out, F3 (Popup, 3S, EV 83.1 MPH)
|
Batting: LHB Jorge Quilez
|
0-0: Ball 1-0: Foul Ball, location: 2F 1-1: Fly out, F9 (Flyball, 9D, EV 101.2 MPH)
|
Top of the 2nd over - 0 runs, 0 hits, 0 errors, 0 left on base; Atlantic City 1 - St. Petersburg 0 |
BOTTOM OF THE 2ND |
St. Petersburg Thunder batting - Pitching for Atlantic City Sonics : LHP Noah Walker
|
Batting: RHB Alfred Coleman
|
0-0: Foul Ball, location: 2F 0-1: Ball 1-1: Ball 2-1: Called Strike 2-2: Ball 3-2: Foul Ball, location: 2F 3-2: Ground out 5-3 (Groundball, 56S, EV 68.8 MPH)
|
Batting: LHB Caspar Fewings
|
0-0: Ball 1-0: Ball 2-0: Ball 3-0: Called Strike 3-1: Called Strike 3-2: SINGLE (Line Drive, 7S, EV 109.4 MPH)
|
Batting: SHB Fernando Urby
|
0-0: Ball 1-0: Ball 2-0: Called Strike 2-1: Ball 3-1: Called Strike 3-2: Fly out, F8 (Flyball, 89D, EV 92.5 MPH)
|
Batting: RHB Norihisa Kino
|
0-0: Called Strike 0-1: Foul Ball, location: 2F 0-2: Ball 1-2: Fly out, F8 (Line Drive, 8RM, EV 100.6 MPH)
|
Bottom of the 2nd over - 0 runs, 1 hit, 0 errors, 1 left on base; Atlantic City 1 - St. Petersburg 0 |
TOP OF THE 3RD |
Atlantic City Sonics batting - Pitching for St. Petersburg Thunder : RHP Jhon Aimar
|
Batting: RHB Garm van Opdorp
|
0-0: Called Strike 0-1: Ball 1-1: Ball 2-1: Ball 3-1: Called Strike 3-2: Strikes out swinging
|
Batting: LHB Luis Ortíz
|
0-0: Ball 1-0: SINGLE (Flyball, 4MD, EV 83.8 MPH)
|
Batting: RHB Raffaello Dichio
|
0-0: Ball 1-0: Ball 2-0: Called Strike 2-1: Foul Ball, location: 2F 2-2: Strikes out looking
|
Batting: RHB Luis Rodríguez
|
0-0: Ball 1-0: Called Strike 1-1: Foul Ball, location: 2F 1-2: Foul Ball, location: 2F 1-2: Fly out, F7 (Flyball, 7, EV 93.1 MPH)
|
Top of the 3rd over - 0 runs, 1 hit, 0 errors, 1 left on base; Atlantic City 1 - St. Petersburg 0 |
BOTTOM OF THE 3RD |
St. Petersburg Thunder batting - Pitching for Atlantic City Sonics : LHP Noah Walker
|
Batting: RHB David Filmer
|
0-0: Swinging Strike 0-1: DOUBLE (Line Drive, 9LS, EV 99.4 MPH)
|
Batting: RHB Ron Burnett
|
0-0: Called Strike 0-1: Ball 1-1: Swinging Strike 1-2: Strikes out swinging
|
Batting: SHB Leonard Davis
|
0-0: Ball 1-0: Ball 2-0: Ball 3-0: Called Strike 3-1: Fly out, F6 (Popup, 6MD, EV 75.0 MPH)
|
Batting: RHB Gene Blanton
|
0-0: Called Strike 0-1: Ball 1-1: Ball 2-1: Fly out, F8 (Flyball, 89D, EV 98.1 MPH)
|
Bottom of the 3rd over - 0 runs, 1 hit, 0 errors, 1 left on base; Atlantic City 1 - St. Petersburg 0 |
TOP OF THE 4TH |
Atlantic City Sonics batting - Pitching for St. Petersburg Thunder : RHP Jhon Aimar
|
Batting: LHB Travis Gilliam
|
0-0: Ball 1-0: Ball 2-0: Foul Ball, location: 2F 2-1: Swinging Strike 2-2: Foul Ball, location: 2F 2-2: Foul Ball, location: 2F 2-2: Strikes out swinging
|
Batting: RHB Denis Perrin
|
0-0: Ball 1-0: Ground out 5-3 (Groundball, 56, EV 105.0 MPH)
|
Batting: RHB Abhipala Srivastav
|
0-0: Called Strike 0-1: Ground out 5-3 (Groundball, 56, EV 94.4 MPH)
|
Top of the 4th over - 0 runs, 0 hits, 0 errors, 0 left on base; Atlantic City 1 - St. Petersburg 0 |
BOTTOM OF THE 4TH |
St. Petersburg Thunder batting - Pitching for Atlantic City Sonics : LHP Noah Walker
|
Batting: RHB Curtis Tiger
|
0-0: Called Strike 0-1: Called Strike 0-2: Fly out, F5 (Popup, 56, EV 73.8 MPH)
|
Batting: RHB Alfred Coleman
|
0-0: Ball 1-0: Ground out 5-3 (Groundball, 56S, EV 61.2 MPH)
|
Batting: LHB Caspar Fewings
|
0-0: Foul Ball, location: 2F 0-1: Swinging Strike 0-2: Ball 1-2: Foul Ball, location: 2F 1-2: Ball 2-2: Ball 3-2: Foul Ball, location: 2F 3-2: Ground out 6-3 (Groundball, 6M, EV 100.6 MPH)
|
Bottom of the 4th over - 0 runs, 0 hits, 0 errors, 0 left on base; Atlantic City 1 - St. Petersburg 0 |
TOP OF THE 5TH |
Atlantic City Sonics batting - Pitching for St. Petersburg Thunder : RHP Jhon Aimar
|
Batting: RHB Jaime López
|
0-0: Called Strike 0-1: Ball 1-1: Ball 2-1: SINGLE (Groundball, 34D, EV 103.8 MPH)
|
Batting: LHB Jorge Quilez
|
0-0: Ball 1-0: Sac Bunt to P - play at first, batter OUT! 1-4 Jaime López to second
|
Batting: RHB Garm van Opdorp
|
0-0: Ball 1-0: Ball Jaime López steals 3rd base 2-0: Swinging Strike 2-1: Ground out 5-3 (Groundball, 5, EV 84.4 MPH)
|
Batting: LHB Luis Ortíz
|
0-0: Called Strike 0-1: Ball 1-1: Foul Ball, location: 2F 1-2: Fly out, F7 (Line Drive, 7, EV 106.2 MPH)
|
Top of the 5th over - 0 runs, 1 hit, 0 errors, 1 left on base; Atlantic City 1 - St. Petersburg 0 |
BOTTOM OF THE 5TH |
St. Petersburg Thunder batting - Pitching for Atlantic City Sonics : LHP Noah Walker
|
Batting: SHB Fernando Urby
|
0-0: Swinging Strike 0-1: Ball 1-1: SINGLE (Groundball, 6MD, EV 98.8 MPH)
|
Batting: RHB Norihisa Kino
|
0-0: Bunted foul 0-1: Ball 1-1: Ball 2-1: Sac Bunt to 13S - play at first, batter OUT! 1-4 Fernando Urby to second
|
Batting: RHB David Filmer
|
0-0: Called Strike 0-1: Called Strike 0-2: Ball 1-2: Ball 2-2: Fly out, F9 (Flyball, 9LD, EV 98.8 MPH) Runner from 2nd tags up, SAFE at 3rd, no throw by RF
|
Batting: RHB Ron Burnett
|
0-0: Fly out, F8 (Flyball, 8RM, EV 87.5 MPH)
|
Bottom of the 5th over - 0 runs, 1 hit, 0 errors, 1 left on base; Atlantic City 1 - St. Petersburg 0 |
TOP OF THE 6TH |
Atlantic City Sonics batting - Pitching for St. Petersburg Thunder : RHP Jhon Aimar
|
Batting: RHB Raffaello Dichio
|
0-0: Foul Ball, location: 2F 0-1: Foul Ball, location: 2F 0-2: Foul Ball, location: 2F 0-2: Strikes out swinging
|
Batting: RHB Luis Rodríguez
|
0-0: Called Strike 0-1: Foul Ball, location: 2F 0-2: Foul Ball, location: 2F 0-2: Ball 1-2: Foul Ball, location: 2F 1-2: Ball 2-2: Strikes out swinging
|
Batting: LHB Travis Gilliam
|
0-0: DOUBLE (Flyball, 78D, EV 90.6 MPH)
|
Batting: RHB Denis Perrin
|
0-0: Ground out 6-3 (Groundball, 6, EV 84.4 MPH)
|
Top of the 6th over - 0 runs, 1 hit, 0 errors, 1 left on base; Atlantic City 1 - St. Petersburg 0 |
BOTTOM OF THE 6TH |
St. Petersburg Thunder batting - Pitching for Atlantic City Sonics : LHP Noah Walker
|
Batting: SHB Leonard Davis
|
0-0: Foul Ball, location: 2F 0-1: Foul Ball, location: 2F 0-2: Foul Ball, location: 2F 0-2: Ball 1-2: Ball 2-2: Foul Ball, location: 2F 2-2: Ball 3-2: Ground out 6-3 (Groundball, 6, EV 91.2 MPH)
|
Batting: RHB Gene Blanton
|
0-0: Ball 1-0: Called Strike 1-1: Ball 2-1: Ball 3-1: Swinging Strike 3-2: Base on Balls
|
Batting: RHB Curtis Tiger
|
0-0: Called Strike 0-1: Grounds into double play, 1-4-3 (Groundball, 15S, EV 68.1 MPH)
|
Bottom of the 6th over - 0 runs, 0 hits, 0 errors, 0 left on base; Atlantic City 1 - St. Petersburg 0 |
TOP OF THE 7TH |
Atlantic City Sonics batting - Pitching for St. Petersburg Thunder : RHP Jhon Aimar
|
Pitching: RHP Charlie Bottari
|
|
Batting: RHB Abhipala Srivastav
|
0-0: Ball 1-0: Swinging Strike 1-1: Called Strike 1-2: Strikes out looking
|
Batting: RHB Jaime López
|
0-0: Foul Ball, location: 2F 0-1: Ball 1-1: Called Strike 1-2: Ball 2-2: Strikes out looking
|
Batting: LHB Jorge Quilez
|
0-0: Ball 1-0: Called Strike 1-1: Called Strike 1-2: Ball 2-2: Strikes out looking
|
Top of the 7th over - 0 runs, 0 hits, 0 errors, 0 left on base; Atlantic City 1 - St. Petersburg 0 |
BOTTOM OF THE 7TH |
St. Petersburg Thunder batting - Pitching for Atlantic City Sonics : LHP Noah Walker
|
Batting: RHB Alfred Coleman
|
0-0: Swinging Strike 0-1: Called Strike 0-2: Strikes out swinging
|
Batting: LHB Caspar Fewings
|
0-0: Called Strike 0-1: Ball 1-1: Foul Ball, location: 2F 1-2: Foul Ball, location: 2F 1-2: SINGLE (Groundball, 4MD, EV 96.9 MPH)
|
Pitching: RHP Peter Routledge
|
|
Batting: SHB Fernando Urby
|
0-0: Ball 1-0: SINGLE (Line Drive, 89S, EV 108.1 MPH) Caspar Fewings to second Runner from 2nd tries for 3rd, SAFE, no throw by CF
|
Pinch Hitting: RHB António Hierro
|
0-0: Ball 1-0: Called Strike 1-1: Ball 2-1: 3-RUN HOME RUN (Flyball, 7D, EV 108.1 MPH), Distance : 386 ft
|
Batting: RHB David Filmer
|
0-0: Swinging Strike 0-1: Ball 1-1: Foul Ball, location: 2F 1-2: Ball 2-2: Strikes out swinging
|
Batting: RHB Ron Burnett
|
0-0: SINGLE (Groundball, 6MD, EV 101.2 MPH)
|
Batting: SHB Leonard Davis
|
0-0: Ball 1-0: Ball 2-0: Called Strike 2-1: Ground out 4-3 (Groundball, 4, EV 87.5 MPH)
|
Bottom of the 7th over - 3 runs, 4 hits, 0 errors, 1 left on base; Atlantic City 1 - St. Petersburg 3 |
TOP OF THE 8TH |
Atlantic City Sonics batting - Pitching for St. Petersburg Thunder : RHP Charlie Bottari
|
Now at 3B: Jim Rigsby
|
|
Batting: RHB Garm van Opdorp
|
0-0: Ball 1-0: Ball 2-0: Foul Ball, location: 2F 2-1: Ball 3-1: DOUBLE (Flyball, 8RXD, EV 85.0 MPH)
|
Batting: LHB Luis Ortíz
|
0-0: Called Strike 0-1: Ball 1-1: Called Strike 1-2: Foul Ball, location: 2F 1-2: Foul Ball, location: 2F 1-2: SINGLE (Groundball, 56D, EV 98.1 MPH) Garm van Opdorp to third
|
Batting: RHB Raffaello Dichio
|
0-0: Ball 1-0: Called Strike 1-1: Foul Ball, location: 2F 1-2: Ball 2-2: Fly out, F9 (Flyball, 9LSF, EV 90.6 MPH) Runner from 3rd tags up, SCORES, no throw by RF
|
Batting: RHB Luis Rodríguez
|
0-0: Fly out, F8 (Flyball, 8LD, EV 83.1 MPH)
|
Batting: LHB Travis Gilliam
|
0-0: Ground out 6-3 (Groundball, 56, EV 103.8 MPH)
|
Top of the 8th over - 1 run, 2 hits, 0 errors, 1 left on base; Atlantic City 2 - St. Petersburg 3 |
BOTTOM OF THE 8TH |
St. Petersburg Thunder batting - Pitching for Atlantic City Sonics : RHP Peter Routledge
|
Batting: RHB Gene Blanton
|
0-0: Ball 1-0: Ball 2-0: Called Strike 2-1: Ground out 3-1 (Groundball, 34, EV 81.2 MPH)
|
Batting: RHB Curtis Tiger
|
0-0: Ball 1-0: Called Strike 1-1: Ball 2-1: Swinging Strike 2-2: Ball 3-2: Strikes out swinging
|
Batting: RHB Alfred Coleman
|
0-0: Called Strike 0-1: Ball 1-1: Fly out, F7 (Flyball, 78S, EV 88.8 MPH)
|
Bottom of the 8th over - 0 runs, 0 hits, 0 errors, 0 left on base; Atlantic City 2 - St. Petersburg 3 |
TOP OF THE 9TH |
Atlantic City Sonics batting - Pitching for St. Petersburg Thunder : RHP Charlie Bottari
|
Pitching: LHP Benny Berry
|
|
Batting: RHB Denis Perrin
|
0-0: Foul Ball, location: 2F 0-1: Swinging Strike 0-2: Ground out 6-3 (Groundball, 56, EV 95.0 MPH)
|
Batting: RHB Abhipala Srivastav
|
0-0: Ball 1-0: Foul Ball, location: 2F 1-1: Called Strike 1-2: Strikes out swinging
|
Batting: RHB Jaime López
|
0-0: Bunt for hit to 15 - play at first, batter safe!
|
Batting: LHB Jorge Quilez
|
0-0: Swinging Strike 0-1: Ball 1-1: Ball 2-1: Foul Ball, location: 2F 2-2: DOUBLE (Line Drive, 7LS, EV 90.6 MPH) Jaime López to third Runner from 3rd tries for Home, SAFE, throw by LF to trailing runner, OUT at third! 7-6-5
|
Top of the 9th over - 1 run, 2 hits, 0 errors, 0 left on base; Atlantic City 3 - St. Petersburg 3 |
BOTTOM OF THE 9TH |
St. Petersburg Thunder batting - Pitching for Atlantic City Sonics : RHP Peter Routledge
|
Batting: LHB Caspar Fewings
|
0-0: Called Strike 0-1: Called Strike 0-2: Ball 1-2: Foul Ball, location: 2F 1-2: Ball 2-2: Fly out, F8 (Line Drive, 8RM, EV 97.5 MPH)
|
Batting: SHB Fernando Urby
|
0-0: Ball 1-0: Called Strike 1-1: Ball 2-1: Ground out U3 (Groundball, 34, EV 103.1 MPH)
|
Batting: RHB Jim Rigsby
|
0-0: SINGLE (Line Drive, 89M, EV 105.6 MPH)
|
Pitching: LHP Carlos Carrillo
|
|
Batting: RHB David Filmer
|
0-0: Fielders Choice at 2nd, 6-4 (Groundball, 6, EV 75.6 MPH)
|
Bottom of the 9th over - 0 runs, 1 hit, 0 errors, 1 left on base; Atlantic City 3 - St. Petersburg 3 |
TOP OF THE 10TH |
Atlantic City Sonics batting - Pitching for St. Petersburg Thunder : LHP Benny Berry
|
Batting: RHB Garm van Opdorp
|
0-0: Ground out 5-3 (Groundball, 56, EV 101.9 MPH)
|
Batting: LHB Luis Ortíz
|
0-0: Foul Ball, location: 2F 0-1: Ball 1-1: Swinging Strike 1-2: Ball 2-2: Strikes out swinging
|
Batting: RHB Raffaello Dichio
|
0-0: Called Strike 0-1: Swinging Strike 0-2: Ball 1-2: Foul Ball, location: 2F 1-2: Ball 2-2: DOUBLE (Line Drive, 7LM, EV 106.2 MPH)
|
Batting: RHB Luis Rodríguez
|
0-0: Intentional Walk
|
Batting: LHB Travis Gilliam
|
0-0: Ball 1-0: Foul Ball, location: 2F 1-1: Swinging Strike 1-2: Strikes out looking
|
Top of the 10th over - 0 runs, 1 hit, 0 errors, 2 left on base; Atlantic City 3 - St. Petersburg 3 |
BOTTOM OF THE 10TH |
St. Petersburg Thunder batting - Pitching for Atlantic City Sonics : LHP Carlos Carrillo
|
Pitching: LHP Fernando Mora
|
|
Pinch Hitting: RHB John Crosby
|
0-0: Ball 1-0: Called Strike 1-1: Fly out, F7 (Flyball, 7S, EV 85.6 MPH)
|
Batting: SHB Leonard Davis
|
0-0: Swinging Strike 0-1: Ball 1-1: Foul Ball, location: 2F 1-2: Ground out 3-1 (Groundball, 34, EV 88.1 MPH)
|
Batting: RHB Gene Blanton
|
0-0: SOLO HOME RUN (Flyball, 78XD, EV 95.0 MPH), Distance : 421 ft
|
|
Friday, March 26th, 2021 - OOTP Baseball 20.8 Build 74
|
|